 Dungeon Crawl Stone Soup version 0.21-a0-584-g185da8e (webtiles) character file.

3449 rabbitfr the Geomancer (level 10, -3/50 HPs)
             Began as a Gargoyle Earth Elementalist on Dec 21, 2017.
             Was a Believer of Ashenzari.
             Slain by Gastronok (24 damage)
             ... on level 9 of the Dungeon.
             The game lasted 00:51:47 (10965 turns).

rabbitfr the Geomancer (GrEE)                      Turns: 10965, Time: 00:51:48

Health: -3/50      AC: 15    Str: 11    XL:     10   Next: 6%
Magic:  9/20       EV: 12    Int: 20    God:    Ashenzari [**....]
Gold:   223        SH:  0    Dex: 10    Spells: 18/22 levels left

rFire    . . .     SeeInvis .   w - +0 flail (protect)
rCold    . . .     Gourm    .   (no shield)
rNeg     + . .     Faith    .   j - +1 leather armour
rPois    ∞         Spirit   .   A - +0 helmet (curse)
rElec    +         Reflect  .   O - +0 cloak (curse)
rCorr    .         Harm     .   (no gloves)
MR       .....                  r - +0 pair of boots (curse)
Stlth    ++........             t - amulet of regeneration (curse)
HPRegen  0.56/turn              (no ring)
MPRegen  0.17/turn              (no ring)

@: slowed, very slow
A: negative energy resistance 1, electricity resistance, unbreathing,
petrification resistance, rot immunity, AC +7
a: Curse Item, Scrying, Renounce Religion


You were on level 9 of the Dungeon.
You worshipped Ashenzari.
Ashenzari was pleased with you.
You were not hungry.

You visited 2 branches of the dungeon, and saw 10 of its levels.

You collected 357 gold pieces.
You spent 134 gold pieces at shops.

Inventory:

Hand Weapons
 g - a +0 dagger
 i - a +0 club
 v - a +0 spear
 w - a +0 flail of protection (weapon)
 z - a -3 hunting sling
Missiles
 b - 172 stones
 h - 22 poisoned needles
 n - 59 bolts
 o - 11 curare-tipped needles
 q - 75 arrows
 y - a throwing net
 D - 31 sling bullets
 L - 5 javelins of penetration (quivered)
Armour
 c - a +0 robe
 j - a +1 leather armour (worn)
 r - a cursed +0 pair of boots (worn)
 s - a +0 ring mail
 A - a cursed +0 helmet (worn)
 O - a cursed +0 cloak (worn)
 P - a +0 helmet
 Q - a +0 pair of boots
Jewellery
 t - a cursed amulet of regeneration (around neck)
 H - an uncursed amulet of harm
 M - an uncursed ring of flight
 V - an uncursed ring of protection from fire
Wands
 I - a wand of flame (68)
 N - a wand of polymorph (18)
Scrolls
 f - 2 scrolls of amnesia {unknown}
 k - 3 scrolls of enchant armour
 l - a scroll of remove curse
 m - 3 scrolls of blinking {unknown}
 p - a scroll of enchant weapon {unknown}
 u - 7 scrolls of identify {unknown}
 C - 3 scrolls of teleportation {unknown}
 G - a scroll of noise {unknown}
 R - a scroll of fear {unknown}
Potions
 a - 2 potions of degeneration {unknown}
 x - a potion of resistance
 B - a potion of berserk rage {unknown}
 E - a potion of mutation {unknown}
 F - a potion of curing {unknown}
 J - a potion of agility
 S - a potion of might {unknown}
 T - a potion of heal wounds
 W - a potion of lignification {unknown}
Books
 e - a book of Geomancy

   Spells                             Type                      Level
   a - Sandblast                      Earth                        1
   b - Passwall                       Transmutation/Earth          2
   c - Stone Arrow                    Conjuration/Earth            3
   d - Petrify                        Transmutation/Earth          4
   e - Lee's Rapid Deconstruction     Earth                        5
 K - a book of Callings

   Spells                             Type                      Level
   a - Summon Small Mammal            Summoning                    1
   b - Call Imp                       Summoning                    2
   c - Call Canine Familiar           Summoning                    3
   d - Summon Guardian Golem          Hexes/Summoning              3
   e - Summon Lightning Spire         Summoning/Air                4
   f - Summon Ice Beast               Ice/Summoning                4
Miscellaneous
 U - a sack of spiders
Comestibles
 d - 21 rations


   Skills:
 * Level 7.4 Maces & Flails
 + Level 5.7 Armour
 - Level 1.5(2.6) Dodging
 - Level 2.1(3.3) Stealth
 * Level 6.9 Spellcasting
   Level 0.7 Transmutations
 * Level 9.8 Earth Magic


You had 18 spell levels left.
You knew the following spells:

 Your Spells              Type           Power        Failure   Level  Hunger
a - Sandblast             Erth           #####.       1%          1    None
b - Stone Arrow           Conj/Erth      ####..       4%          3    #......


Dungeon Overview and Level Annotations

Branches:
Dungeon (9/15)             Temple (1/1) D:4            Lair (0/6) D:8
    Orc: D:9-12

Altars:
Ashenzari
Cheibriados
Dithmenos
Elyvilon
Fedhas
Gozag
Hepliaklqana
Kikubaaqudgha
Nemelex Xobeh
Okawaru
Qazlal
Ru
Trog
Uskayaw
Vehumet
Wu Jian
Xom
Yredelemnul
The Shining One

Shops:
D:8 [**

Annotations:
D:6 Eustachio, Menkaure
D:7 Dowan, Duvessa
D:9 Gastronok


Innate Abilities, Weirdness & Mutations

You are resistant to torment.
Your stone body is resilient. (AC +7)
You are immune to poison.
You resist negative energy. (rN+)
You are resistant to electric shocks. (rElec)
You can survive without breathing.
You are immune to petrification.
You are immune to rotting.


Message History

The bat closely misses you. x2; The bat misses you.
The bat barely misses you. Gastronok bites you!!
You hit Gastronok.
Your weapon exudes an aura of protection.
Gastronok is almost dead.
The bat closely misses you. The bat barely misses you. x2
The bat hits you but does no damage.
Gastronok makes a strange noise.
Gastronok misses you.
Casting: Sandblast
Confirm with . or Enter, or press ? or * to list all spells.
Aiming: Sandblast
Press: ? - help, Shift-Dir - straight line, f/p - Gastronok
Aim: Gastronok, wearing a hat of intelligence (almost dead, covering ground quickly)
The blast of sand hits Gastronok.
Gastronok is almost dead.
b - 172 stones The bat closely misses you.
The bat misses you. The bat closely misses you. Gastronok bites you!!
You die...

.......# #.##..................
#....#.#####.######.#.##.........
.............# #.#.#####.....#
....##.####### #.#.# #.....#
...<...# #...# #..... ##...###
##########..## * #.#.#
#..........## ,* *
##...#####.###...#### * *
...........#E#..@#E# , *,
####.#.###.###..w### ####<#.#
#...b......# * , ...#.#.#
#....._....# .....#.#
##.........# * , ...#.#.#
####...#### .#...#.# #E#...#E#**
, .#.###.# * ###...### , ,
....#*, , * ,


You could see Gastronok, an earth elemental, a water elemental, a fire
elemental, an air elemental and a bat.

Vanquished Creatures
  A two-headed ogre (D:9)
  4 hungry ghosts
  6 ogres
  4 bullfrogs
  A scorpion (D:4)
  A water moccasin skeleton (D:4)
  A howler monkey (D:6)
  10 wights
  2 crimson imps
  5 hounds
  5 orc priests
  5 orc wizards
  An iron imp (D:9)
  A worker ant (D:8)
  5 iguanas
  2 hound skeletons
  Robin (D:3)
  4 gnolls (D:3)
  6 adders
  An ooze (D:5)
  An adder zombie (D:5)
  3 adder skeletons
  A worm (D:2)
  3 dart slugs
  8 leopard geckos
  30 orcs
  9 giant cockroaches
  16 goblins
  6 hobgoblins
  5 jackals
  5 kobolds
  10 quokkas
  3 ball pythons (D:2)
  9 bats
  2 frilled lizards
  A jackal skeleton (D:3)
  2 leopard gecko zombies
  14 rats
194 creatures vanquished.

Notes
Turn   | Place    | Note
-------+----------+-------------------------------------------
     0 | D:1      | rabbitfr the Gargoyle Earth Elementalist began the quest for the Orb.
     0 | D:1      | Reached XP level 1. HP: 10/10 MP: 3/3
   438 | D:1      | Reached XP level 2. HP: 15/15 MP: 5/5
   476 | D:1      | Reached skill level 4 in Earth Magic
   565 | D:1      | Reached skill level 1 in Armour
  1190 | D:1      | Reached XP level 3. HP: 18/19 MP: 6/6
  1195 | D:1      | Learned a level 3 spell: Stone Arrow
  1257 | D:1      | Reached skill level 1 in Maces & Flails
  2038 | D:2      | Found a sacrificial altar of Ru.
  2075 | D:2      | Reached XP level 4. HP: 19/24 MP: 7/7
  2657 | D:3      | Found an ancient bone altar of Kikubaaqudgha.
  2908 | D:3      | Reached XP level 5. HP: 23/28 MP: 6/8
  3207 | D:3      | Reached skill level 5 in Earth Magic
  3510 | D:3      | Noticed Robin
  3513 | D:3      | Killed Robin
  4099 | D:4      | Reached XP level 6. HP: 28/32 MP: 10/10
  4169 | D:4      | Found a staircase to the Ecumenical Temple.
  4180 | Temple   | Entered the Ecumenical Temple
  4260 | Temple   | Became a worshipper of Ashenzari the Shackled
  5107 | D:4      | Reached XP level 7. HP: 14/36 MP: 8/12
  5441 | D:5      | Entered Level 5 of the Dungeon
  5456 | D:5      | Reached skill level 6 in Earth Magic
  6044 | D:5      | Found a sparkling altar of Nemelex Xobeh.
  6750 | D:5      | Reached XP level 8. HP: 41/41 MP: 12/14
  6776 | D:6      | Reached skill level 7 in Earth Magic
  6795 | D:6      | Found an iron altar of Okawaru.
  7099 | D:6      | Noticed Eustachio
  7116 | D:6      | Reached * piety under Ashenzari
  7230 | D:6      | Reached skill level 5 in Maces & Flails
  7510 | D:6      | Reached skill level 5 in Spellcasting
  7539 | D:6      | Noticed Menkaure
  8339 | D:6      | Found a glowing golden altar of the Shining One.
  8707 | D:7      | Reached skill level 8 in Earth Magic
  8926 | D:7      | Reached XP level 9. HP: 44/45 MP: 17/17
  8980 | D:7      | Noticed Duvessa
  9276 | D:7      | Noticed Dowan
  9712 | D:8      | Found an ornate altar of the Wu Jian Council.
  9939 | D:8      | Found Adoxoipu's Armour Shop.
 10090 | D:8      | Bought a +0 cloak for 67 gold pieces
 10090 | D:8      | Bought a +0 pair of boots for 67 gold pieces
 10103 | D:8      | Found Xosesene's Antique Armour Shop.
 10220 | D:8      | Found Zuqut's General Store.
 10222 | D:8      | Reached ** piety under Ashenzari
 10226 | D:8      | Found Byutuzat's Assorted Antiques.
 10247 | D:8      | Found a staircase to the Lair.
 10355 | D:8      | Reached skill level 5 in Armour
 10558 | D:9      | Found a snail-covered altar of Cheibriados.
 10612 | D:9      | Noticed a two-headed ogre
 10625 | D:9      | Killed a two-headed ogre
 10625 | D:9      | Reached skill level 9 in Earth Magic
 10663 | D:9      | Found a hazy altar of Hepliaklqana.
 10812 | D:9      | Reached XP level 10. HP: 50/50 MP: 15/20
 10947 | D:9      | Found a stormy altar of Qazlal.
 10947 | D:9      | Noticed Gastronok
 10965 | D:9      | Slain by Gastronok

Vault maps used:
D:1:      minmay_arrival_solitary_statue, hex_tiny,
          hangedman_abyss_or_decor_lesser_grid, minmay_cupped
D:2:      marbit_many_paths
D:3:      nicolae_overflow_hidden_temple, uniq_robin
D:4:      minmay_temple_entry_statues_pillars
D:5:      kennysheep_mini, first_ration
D:6:      kennysheep_mini_moat, tso_oasis_becter, gup_sewer_entry_bubbles,
          uniq_eustachio, uniq_menkaure
D:7:      uniq_duvessa
D:8:      overflow_temple_1_default, lair_entry_dummy, serial_shops, shop,
          nicolae_shop_crystal, nicolae_shop_waterfront, nicolae_shop_trees
D:9:      grunt_temple_overflow_order_and_chaos_2,
          nicolae_qazlal_style_of_elements, nicolae_overflow_crystal_walls,
          tgw_sif, slow_altar_1, uniq_grum, uniq_gastronok
Temple:   eino_temple_lava

Skill      XL: |  1  2  3  4  5  6  7  8  9 |
---------------+----------------------------+-----
Earth Magic    | 4 5 6 8 9 |  9.8
Armour         | 1 2 3 4 5 |  5.7
Maces & Flails | 1 2 3 4 5 7 |  7.4
Spellcasting   | 3 4 5 6 |  6.9
Dodging        | |  1.5
Stealth        | |  2.1
Transmutations | |  0.7

Action                   |  1- 3 |  4- 6 |  7- 9 | 10-12 || total
-------------------------+-------+-------+-------+-------++-------
Melee: Unarmed           |    13 |       |       |       ||    13
       Dagger            |    13 |       |       |       ||    13
       Club              |   135 |    31 |       |       ||   166
       Flail             |       |   178 |   478 |     9 ||   665
Throw: Javelin           |       |     2 |    11 |       ||    13
       Stone             |       |       |     3 |       ||     3
 Cast: Sandblast         |     7 |    34 |    80 |    15 ||   136
       Stone Arrow       |       |       |       |     1 ||     1
Invok: Curse Item        |       |     1 |     3 |       ||     4
  Use: Scroll            |     2 |     1 |       |       ||     3
 Stab: Sleeping          |     2 |     2 |       |       ||     4
  Eat: Chunk             |     4 |     6 |    12 |       ||    22
       Ration            |       |     1 |     3 |       ||     4
Armor: Leather armour    |    78 |   120 |   271 |    12 ||   481
       Robe              |     1 |       |       |       ||     1
Dodge: Dodged            |   135 |   151 |   324 |    22 ||   632

Table legend:
 A = Spawn XP
 B = Non-spawn XP
 C = Spawn XP percentage of total XP
 D = Spawn monster count
 E = Non-spawn monster count
 F = Spawn count percentage of total count
 G = Total turns spent on level
                    A         B        C        D         E        F      G
               +---------+---------+-------+---------+---------+-------+---------
         Total |       0 |    4928 |   0.0 |       0 |     194 |   0.0 | 10965
               +---------+---------+-------+---------+---------+-------+---------
           D:1 |       0 |      37 |   0.0 |       0 |      21 |   0.0 |  1496
           D:2 |       0 |      58 |   0.0 |       0 |      25 |   0.0 |  1126
           D:3 |       0 |     220 |   0.0 |       0 |      36 |   0.0 |  1447
           D:4 |       0 |     305 |   0.0 |       0 |      13 |   0.0 |  1280
           D:5 |       0 |     771 |   0.0 |       0 |      24 |   0.0 |  1513
           D:6 |       0 |     664 |   0.0 |       0 |      32 |   0.0 |  1561
           D:7 |       0 |     727 |   0.0 |       0 |      20 |   0.0 |  1150
           D:8 |       0 |     394 |   0.0 |       0 |      13 |   0.0 |   891
           D:9 |       0 |    1752 |   0.0 |       0 |      10 |   0.0 |   409
               +---------+---------+-------+---------+---------+-------+---------
